 Dungeon Crawl Stone Soup version 0.23.2-40-g277498a001 (webtiles) character file.

Game seed: 9624973669616874899

4918 MisterOstroum the Fighter (level 10, 0/120 HPs)
             Began as an Ogre Conjurer on Aug 5, 2019.
             Was a Believer of Cheibriados.
             Slain by a bullfrog zombie (5 damage)
             ... on level 8 of the Dungeon on Aug 23, 2019.
             The game lasted 00:52:06 (12742 turns).

MisterOstroum the Fighter (Ogre Conjurer)          Turns: 12742, Time: 00:52:06

Health: 0/120      AC:  4    Str: 20    XL:     10   Next: 51%
Magic:  0/20       EV: 10    Int: 25    God:    Cheibriados [**....]
Gold:   438        SH:  0    Dex: 15    Spells: 16/23 levels left

rFire    + . .     SeeInvis .   o - +0 flail
rCold    + . .     Gourm    .   (no shield)
rNeg     . . .     Faith    .   i - +1 robe (curse)
rPois    .         Spirit   .   (helmet restricted)
rElec    .         Reflect  .   n - scarf {rC+ rF+}
rCorr    .         Harm     .   (gloves unavailable)
MR       +....                  (boots unavailable)
Stlth    ++........             (no amulet)
HPRegen  0.30/turn              (no ring)
MPRegen  0.17/turn              (no ring)

@: very slightly contaminated, lightly drained, very slow
A: large, unfitting armour, tough skin 1
a: Bend Time, Renounce Religion


You were on level 8 of the Dungeon.
You worshipped Cheibriados.
Cheibriados was pleased with you.
You were very hungry.

You visited 2 branches of the dungeon, and saw 10 of its levels.

You collected 438 gold pieces.

Inventory:

Hand Weapons
 o - a +0 flail (weapon)
 r - a +2 short sword of protection
 x - a +1 giant spiked club
 y - a +1 whip of flaming
Missiles
 h - 140 stones (quivered)
 w - 4 tomahawks
Armour
 a - a +2 robe of cold resistance
 i - a cursed +1 robe (worn)
 n - a scarf of resistance (worn)
 E - a +0 cloak of poison resistance
Jewellery
 f - an uncursed ring of poison resistance {unknown}
 s - an uncursed ring of protection from fire {unknown}
 t - an uncursed ring of protection from magic {unknown}
 C - a +5 ring of slaying {unknown}
Wands
 B - a wand of iceblast (4)
 F - a wand of disintegration (9)
Scrolls
 c - 3 scrolls of immolation
 g - 4 scrolls of amnesia
 k - 3 scrolls of teleportation
 m - 2 scrolls of enchant armour
 p - 3 scrolls of remove curse {@r2}
 u - 4 scrolls of identify {@r1}
 v - 2 scrolls of fear {!r}
Potions
 b - 2 potions of lignification {unknown}
 d - a potion of flight {unknown}
 j - 3 potions of curing {@q1 !q}
 l - 2 potions of degeneration
 z - 2 potions of brilliance {unknown}
 A - 4 potions of agility {unknown}
 D - a potion of berserk rage {unknown}
 G - a potion of ambrosia {unknown}
Comestibles
 e - 8 rations


   Skills:
 + Level 13.8(13.6) Fighting
 - Level 4.1(4.0) Maces & Flails
 - Level 1.7(1.6) Dodging
 - Level 1.4(1.2) Stealth
 - Level 7.0(6.9) Spellcasting
 - Level 7.0(6.9) Conjurations
 + Level 1.9(1.8) Invocations


You had 16 spell levels left.
You knew the following spells:

 Your Spells              Type           Power        Failure   Level  Hunger
a - Magic Dart            Conj           ####         1%          1    None
b - Searing Ray           Conj           #####.       1%          2    None
c - Iskenderun's Mystic   Conj           #####...     4%          4    ###....

Your spell library contained the following spells:

 Spells                   Type           Power        Failure   Level  Hunger
 Conjure Flame            Conj/Fire      ####....     4%          3    None
 Dazzling Spray           Conj/Hex       ####..       4%          3    None
 Mephitic Cloud           Conj/Pois/Air  ###.....     8%          3    None
 Blink                    Tloc           N/A          11%         2    None
 Call Imp                 Summ           #.......     11%         2    None
 Slow                     Hex            #.......     11%         2    None
 Force Lance              Conj/Tloc      ####....     16%         4    ###....
 Fulminant Prism          Conj/Hex       ####......   16%         4    ###....
 Irradiate                Conj/Tmut      ####......   41%         5    #####..
 Hydra Form               Tmut           #.........   100%        6    ######.
 Statue Form              Tmut/Erth      #........    100%        6    ######.
 Dragon Form              Tmut           #.........   100%        7    #######


Dungeon Overview and Level Annotations

Branches:
Dungeon (9/15)             Temple (1/1) D:6
   Lair: D:8-11         Orc: D:9-12

Altars:
Ashenzari
Cheibriados
Dithmenos
Elyvilon
Fedhas
Gozag
Hepliaklqana
Kikubaaqudgha
Makhleb
Nemelex Xobeh
Okawaru
Qazlal
Ru
Sif Muna
Trog
Uskayaw
Vehumet
Wu Jian
Xom
Yredelemnul
Zin
The Shining One

Shops:
D:6 [

Annotations:
D:6 1 runed translucent door, exclusion: door, Crazy Yiuf


Innate Abilities, Weirdness & Mutations

You are too large for most types of armour.
You have tough skin. (AC +1)


Message History

You are too injured to fight recklessly!
The orc wizard jeers noisily.
The orc warrior throws a stone.
The stone hits you.
The orc warrior throws a stone.
The stone hits you but does no damage.
You see here 2 stones.
Okay, then.
You see here 9 poisoned needles.
The orc warrior throws a stone.
The stone hits you!
The orc warrior throws a stone.
The stone closely misses you.
You see here a stone.
The orc warrior throws a stone.
The stone hits you but does no damage.
You see here a stone.
The orc warrior throws a stone.
The stone hits you.
The orc warrior throws a stone.
The stone hits you!
* * * LOW HITPOINT WARNING * * *
You see here 2 stones.
The orc warrior throws a stone.
The stone hits you but does no damage.
You see here a stone.
The orc warrior throws a stone.
The stone hits you.
* * * LOW HITPOINT WARNING * * *
You see here a stone.
The orc warrior throws a stone.
The stone hits you.
* * * LOW HITPOINT WARNING * * *
You see here a stone.
Casting: Iskenderun's Mystic Blast (safe; 4% risk of failure)
Confirm with . or Enter, or press ? or * to list all spells.
Aiming: Iskenderun's Mystic Blast (safe; 4% risk of failure)
Press: ? - help, Shift-Dir - straight line, f/p - orc warrior
Aim: an orc warrior, wielding a +0 trident, wearing a +0 chain mail and wearing an uncursed ring of ice The orb of energy hits the orc warrior!
The orc warrior is heavily wounded.
The orc warrior throws a stone.
The stone hits you!
* * * LOW HITPOINT WARNING * * *
Casting: Iskenderun's Mystic Blast (safe; 4% risk of failure)
Confirm with . or Enter, or press ? or * to list all spells.
You don't have enough magic to cast that spell.
The orc warrior throws a stone.
The stone hits you.
* * * LOW HITPOINT WARNING * * *
You see here a stone.
There is a stone staircase leading down here.
You climb downwards.
An adder, 5 hounds, 4 yaks and a two-headed ogre come into view.
The yak bellows! x3; The jackal barks! x3; The yak bellows!
The adder hisses angrily.
You hear a shout!
The hound barks!
The two-headed ogre shouts in stereo!
You hear a shout! x2
Found a dagger, a golden potion and a fuming coppery potion.
Found two stone staircases leading up.
There is a stone staircase leading up here.
There are no items here.
The jackal bites you.
* * * LOW HITPOINT WARNING * * *
You climb upwards.
There is a stone staircase leading down here.
The jackal bites you but does no damage.
The yak closely misses you.
The orc warrior hits you from afar with a +0 trident!
* * * LOW HITPOINT WARNING * * *
Okay, then.
Blink to where?
Press: ? - help, Dir - move target cursor Really blink into that dispersal trap?
You enter a dispersal trap!
The yak blinks!
The jackal blinks!
The orc warrior blinks!
The jackal blinks! x2; The orc wizard blinks!
You blink.
You are very lightly contaminated with residual magic.
As you read the scroll of blinking {@r4}, it crumbles to dust.
Found 15 bolts.
You closely miss the jackal. The jackal closely misses you. x2
You hit the jackal.
The jackal is heavily wounded.
The jackal bites you but does no damage.
Casting: Iskenderun's Mystic Blast (safe; 4% risk of failure)
Confirm with . or Enter, or press ? or * to list all spells.
Aiming: Iskenderun's Mystic Blast (safe; 4% risk of failure)
Press: ? - help, Shift-Dir - straight line, f - jackal
Aim: a jackal (heavily wounded)
The orb of energy hits the jackal!
You kill the jackal!
Cheibriados appreciates the change of pace.
The orb of energy explodes!
You are feeling very hungry.
A bullfrog zombie comes into view.
Found 15 gold pieces.
The bullfrog zombie hits you but does no damage.
Found a short sword and 14 stones.
You sock the bullfrog zombie!
The bullfrog zombie is heavily damaged.
The bullfrog zombie closely misses you. The bullfrog zombie hits you.
* * * LOW HITPOINT WARNING * * *
Casting: Iskenderun's Mystic Blast (safe; 4% risk of failure)
Confirm with . or Enter, or press ? or * to list all spells.
Aiming: Iskenderun's Mystic Blast (safe; 4% risk of failure)
Press: ? - help, Shift-Dir - straight line, f - bullfrog zombie
Aim: a bullfrog zombie (heavily damaged)
The orb of energy misses the bullfrog zombie.
The orb of energy explodes!
The bullfrog zombie barely misses you.
You hit the bullfrog zombie but do no damage.
The bullfrog zombie is heavily damaged.
The bullfrog zombie closely misses you. The bullfrog zombie hits you.
You die...

...............## .....
............#... .....
#.. #.^.....
.....####.#####.O...###.
.........†Y.O.........
......o..#..........##
###..#.......###..#...
##.#Z#...(....#.#...
#.@.###############
#..## ..... .......)
#.....###.. #..... ..(
#.$... ##.. #..... ... #


You could see a yak, an orc wizard and a bullfrog zombie.

Vanquished Creatures
  Pikel (D:6)
  Maurice (D:8)
  Prince Ribbit (D:6)
  Grinder (D:6)
  2 hippogriffs (D:7)
  Eustachio (D:6)
  A hungry ghost (D:5)
  Menkaure (D:7)
  2 water moccasins
  A black bear (D:8)
  A sky beast (D:7)
  2 orc warriors (D:8)
  A slave (D:6)
  2 ice beasts (D:5)
  A phantom (D:4)
  4 ogres
  2 centaurs (D:7)
  Blork the orc (D:6)
  A gnoll sergeant (D:8)
  2 bullfrogs
  A water moccasin skeleton (D:5)
  2 howler monkeys (D:7)
  4 hounds
  2 jellies
  4 orc priests
  A centaur skeleton (D:6)
  Jessica (D:3)
  11 orc wizards
  Natasha (thrice) (D:3)
  2 iguanas (D:4)
  3 worker ants
  A killer bee zombie (D:7)
  A hound skeleton (D:4)
  A hound zombie (D:5)
  8 gnolls
  A worker ant zombie (D:6)
  2 river rats (D:6)
  11 adders
  2 shadow imps
  An ooze (D:2)
  2 adder skeletons
  3 worms
  A dart slug (D:2)
  2 leopard geckos
  28 orcs
  4 ball pythons
  4 giant cockroaches
  8 hobgoblins
  11 jackals
  11 kobolds
  4 quokkas (D:7)
  4 bats
  5 frilled lizards
  11 goblins
  A leopard gecko skeleton (D:5)
  5 rats
195 creatures vanquished.

Notes
Turn   | Place    | Note
-------+----------+-------------------------------------------
     0 | D:1      | MisterOstroum the Ogre Conjurer began the quest for the
                  | Orb.
     0 | D:1      | Reached XP level 1. HP: 16/16 MP: 3/3
   146 | D:1      | Reached skill level 1 in Fighting
   337 | D:1      | Reached XP level 2. HP: 28/28 MP: 0/5
   389 | D:1      | Learned a level 2 spell: Searing Ray
   523 | D:1      | Reached skill level 2 in Fighting
  1065 | D:1      | Reached XP level 3. HP: 36/36 MP: 4/6
  1705 | D:2      | Reached skill level 3 in Fighting
  2061 | D:2      | Reached XP level 4. HP: 48/48 MP: 5/7
  2277 | D:2      | Reached skill level 4 in Fighting
  2377 | D:2      | Learned a level 4 spell: Iskenderun's Mystic Blast
  3021 | D:3      | Noticed Jessica
  3054 | D:3      | Killed Jessica
  3054 | D:3      | Reached XP level 5. HP: 55/55 MP: 4/10
  3575 | D:3      | Noticed Natasha
  3690 | D:3      | Killed Natasha
  3880 | D:3      | Noticed Natasha
  3886 | D:3      | Killed Natasha
  4049 | D:3      | Noticed Natasha
  4053 | D:3      | Killed Natasha
  4053 | D:3      | Reached XP level 6. HP: 63/63 MP: 7/12
  4317 | D:4      | Reached skill level 5 in Fighting
  4452 | D:4      | Noticed a phantom
  4498 | D:4      | Killed a phantom
  4498 | D:4      | Reached skill level 5 in Spellcasting
  4498 | D:4      | Reached skill level 5 in Conjurations
  4498 | D:4      | Reached XP level 7. HP: 68/72 MP: 0/14
  6118 | D:5      | Entered Level 5 of the Dungeon
  6121 | D:5      | Reached XP level 8. HP: 80/80 MP: 5/15
  6312 | D:5      | Reached skill level 1 in Maces & Flails
  6506 | D:5      | Reached skill level 6 in Fighting
  6805 | D:5      | Found a shimmering altar of Xom.
  7265 | D:6      | Found a staircase to the Ecumenical Temple.
  7280 | D:6      | Noticed Eustachio
  7492 | D:6      | Killed Eustachio
  7492 | D:6      | Reached skill level 7 in Fighting
  7589 | Temple   | Entered the Ecumenical Temple
  7706 | Temple   | Upgraded the game from 0.23.2-33-g5129a83184 to
                  | 0.23.2-40-g277498a001
  7850 | Temple   | Became a worshipper of Cheibriados the Contemplative
  7880 | D:6      | Noticed Grinder
  7891 | D:6      | Killed Grinder
  7891 | D:6      | Reached XP level 9. HP: 68/96 MP: 7/18
  8028 | D:6      | Noticed Blork the orc
  8034 | D:6      | Killed Blork the orc
  8034 | D:6      | Reached skill level 8 in Fighting
  8478 | D:6      | Found Cammu's Armour Boutique.
  8507 | D:6      | Noticed Prince Ribbit
  8511 | D:6      | Killed Prince Ribbit
  8511 | D:6      | Reached skill level 9 in Fighting
  8662 | D:6      | Reached * piety under Cheibriados
  8899 | D:6      | Reached skill level 10 in Fighting
  9401 | D:6      | Noticed Pikel
  9417 | D:6      | Killed Pikel
  9417 | D:6      | Reached skill level 11 in Fighting
  9566 | D:6      | Found a runed translucent door.
  9567 | D:6      | Noticed Crazy Yiuf
 10050 | D:7      | Noticed Menkaure
 10054 | D:7      | Killed Menkaure
 10246 | D:7      | Reached skill level 12 in Fighting
 10252 | D:7      | Reached XP level 10. HP: 56/115 MP: 0/19
 10783 | D:7      | Reached skill level 13 in Fighting
 11550 | D:7      | Found a burning altar of Makhleb.
 11554 | D:7      | Reached ** piety under Cheibriados
 11581 | D:8      | Noticed Maurice
 12284 | D:8      | Killed Maurice
 12284 | D:8      | Reached skill level 1 in Invocations
 12646 | D:8      | Found a deep blue altar of Sif Muna.
 12725 | D:9      | Noticed a two-headed ogre
 12728 | D:8      | HP: 3/120 [orc warrior/+0 trident (15)]
 12740 | D:8      | HP: 5/120 [bullfrog zombie (3)]
 12742 | D:8      | Slain by a bullfrog zombie

Skill      XL: |  1  2  3  4  5  6  7  8  9 10 |
---------------+-------------------------------+-----
Fighting       | 1 2 3 4 5 7 12 13 | 13.8
Conjurations   | 4 5 7 |  7.0
Spellcasting   | 3 4 5 6 7 |  7.0
Maces & Flails | 3 4 |  4.1
Invocations    | 1 |  1.9
Dodging        | |  1.7
Stealth        | |  1.4

Action                   |  1- 3 |  4- 6 |  7- 9 | 10-12 || total
-------------------------+-------+-------+-------+-------++-------
Melee: Unarmed           |     5 |       |       |       ||     5
       Club              |     2 |       |       |       ||     2
       Whip              |    10 |    25 |       |       ||    35
       Short sword       |       |    11 |    55 |       ||    66
       Giant spiked club |       |       |    62 |       ||    62
       Flail             |       |       |    24 |    67 ||    91
Throw: Stone             |     1 |    17 |    10 |    14 ||    42
 Cast: Magic Dart        |    54 |    76 |    95 |    17 ||   242
       Searing Ray       |     4 |     9 |    14 |       ||    27
       Iskenderun's Myst |       |     3 |    60 |    46 ||   109
Evoke: Wand              |       |       |       |     2 ||     2
  Use: Potion            |       |       |     4 |       ||     4
       Scroll            |       |       |    10 |     1 ||    11
  Eat: Chunk             |     4 |     9 |    12 |     8 ||    33
       Ration            |       |       |     3 |       ||     3
Armor: Robe              |     4 |     7 |    90 |    17 ||   118
Dodge: Dodged            |    14 |    23 |   162 |    59 ||   258
